 Dungeon Crawl Stone Soup version 0.28.0-43-g3370ac3207 (webtiles) character file.

Game seed: 9328439043388235789

393 Pinkishskies the Cudgeller (level 6, -3/38 HPs)
             Began as a Gargoyle Fighter on Mar 7, 2022.
             Was an Initiate of the Shining One.
             Slain by a troll skeleton (6 damage)
             ... animated by the malice of Kikubaaqudgha
             ... on level 5 of the Dungeon.
             The game lasted 00:26:22 (6336 turns).

Pinkishskies the Cudgeller (Gargoyle Fighter)       Turns: 6336, Time: 00:26:24

Health: -3/38      AC: 15    Str: 21    XL:     6   Next: 81%
Magic:  0/6        EV:  7    Int:  9    God:    the Shining One [......]
Gold:   203        SH:  4    Dex:  9    Spells: 5/5 levels left

rFire   . . .      SeeInvis .   a - +0 flail
rCold   + . .      Faith    .   c - +0 buckler
rNeg    + . .      Spirit   +   C - +0 chain mail
rPois   ∞          Reflect  .   y - +0 helmet
rElec   +          Harm     .   (no cloak)
rCorr   .          Rampage  .   (no gloves)
Will    .....                   (no boots)
Stlth   ..........              s - amulet of guardian spirit
HPRegen 0.12/turn               t - ring of protection from cold
MPRegen 0.10/turn               (no ring)

@: glowing
A: sickness immunity, AC +4, negative energy resistance 1, electricity
resistance, torment resistance 1, petrification resistance
a: Renounce Religion


You were on level 5 of the Dungeon.
You worshipped the Shining One.
The Shining One was noncommittal.
You visited 2 branches of the dungeon, and saw 6 of its levels.

You collected 253 gold pieces.
You spent 50 gold pieces at shops.

Inventory:

Hand Weapons
 a - a +0 flail (weapon)
Missiles
 o - 137 stones (quivered)
Armour
 b - a +0 scale mail
 c - a +0 buckler (worn)
 y - a +0 helmet (worn)
 C - a +0 chain mail (worn)
Magical Staves
 D - a staff of fire
Jewellery
 s - an amulet of guardian spirit (around neck)
 t - a ring of protection from cold (left hand)
Scrolls
 e - a scroll of silence {unknown}
 f - a scroll of magic mapping {unknown}
 h - a scroll of torment {unknown}
 i - a scroll of brand weapon {unknown}
 k - a scroll of vulnerability {unknown}
 l - a scroll of fear {unknown}
 m - a scroll of blinking {unknown}
 q - 2 scrolls of identify {unknown}
 r - 2 scrolls of teleportation {unknown}
 u - 2 scrolls of immolation {unknown}
 v - a scroll of enchant armour {unknown}
 B - a scroll of noise {unknown}
Potions
 d - 3 potions of might
 g - a potion of attraction {unknown}
 j - a potion of heal wounds
 n - 2 potions of curing {unknown}
 p - 2 potions of ambrosia {unknown}
 w - a potion of degeneration {unknown}
 x - a potion of invisibility {unknown}
 z - 3 potions of haste {unknown}
 A - 2 potions of flight {unknown}


   Skills:
 + Level 3.9 Fighting
 * Level 5.5 Maces & Flails
 + Level 4.5 Armour
 + Level 1.1 Dodging
 + Level 0.3 Stealth
 + Level 3.7 Shields


You had 5 spell levels left.
You didn't know any spells.
Your spell library contained the following spells:

 Spells                   Type           Power      Damage    Failure   Level
 Animate Skeleton         Necr           0%         N/A       99%         1
 Pain                     Necr           0%         1d4       99%         1
 Corpse Rot               Necr/Air       0%         N/A       100%        2
 Fulminant Prism          Conj/Hex       0%         3d6       100%        4
 Iskenderun's Mystic Bla  Conj/Tloc      0%         2d3       100%        4
 Agony                    Necr           0%         N/A       100%        5
 Lee's Rapid Deconstruct  Erth           0%         3d5*      100%        5


Dungeon Overview and Level Annotations

Branches:
Dungeon (5/15)             Temple (1/1) D:4

Altars:
Cheibriados
Gozag
Hepliaklqana
Kikubaaqudgha
Makhleb
Okawaru
Ru
Sif Muna
Uskayaw
Vehumet
Wu Jian
Xom
Yredelemnul
Zin
The Shining One

Shops:
D:2 !


Innate Abilities, Weirdness & Mutations

You are immune to sickness and miasma.
Your stone body is resilient. (AC +4)
You are immune to poison.
You resist negative energy. (rN+)
You are resistant to electric shocks. (rElec)
You are resistant to unholy torment.
You are immune to petrification.


Message History

You hit the yak skeleton.
The yak skeleton is almost destroyed.
You block the yak skeleton's attack.
You thump the yak skeleton!
You destroy the yak skeleton!
That felt strangely unrewarding.
There is an escape hatch in the ceiling here.
You see here a +0 rapier of speed.
You now have 203 gold pieces (gained 11).
You see here a +0 rapier of speed.
Kikubaaqudgha's malice focuses upon you.
You smell decay.
Your body is wracked with pain!
The dead are walking!
A centaur skeleton, a troll skeleton and a hound skeleton come into view.
You sock the centaur skeleton!
The centaur skeleton is moderately damaged.
You hit the centaur skeleton.
The centaur skeleton is moderately damaged.
The centaur skeleton hits you. The centaur skeleton barely misses you.
You sock the centaur skeleton!
The centaur skeleton is severely damaged.
The centaur skeleton hits you but does no damage.
The centaur skeleton kicks you but does no damage.
The troll skeleton bites you. The troll skeleton claws you.
The troll skeleton claws you!
You hit the centaur skeleton but do no damage.
The centaur skeleton is severely damaged.
The centaur skeleton hits you but does no damage.
The centaur skeleton kicks you. You block the troll skeleton's attack.
The troll skeleton claws you!
The troll skeleton claws you but does no damage.
The centaur skeleton hits you but does no damage.
The centaur skeleton kicks you but does no damage.
You thump the troll skeleton!
The troll skeleton is lightly damaged.
The centaur skeleton hits you but does no damage.
The centaur skeleton kicks you but does no damage.
The troll skeleton bites you!
* * * LOW HITPOINT WARNING * * *
The troll skeleton closely misses you. The troll skeleton claws you.
You die...

######.#######
#.............#
#.####.######.#
#.# #.# #.#
####.# #.# #.#
.....# #.# #.#
###### #.# #Z#
#.# #Z# #.# #@#
### #####.# #Z#
..# #.....# #.#
..# #.##### #.#
..# #.# #.# ..#
#(# #.# ..# #.#
###.## ..# #.#
#....# ..# #.#
#)####


You could see a hound skeleton, a centaur skeleton and a troll skeleton.

Vanquished Creatures
  A necrophage (D:4)
  A water moccasin zombie (D:5)
  A water moccasin skeleton (D:5)
  A howler monkey (D:5)
  2 yak skeletons (D:5)
  A bullfrog zombie (D:5)
  A centaur zombie (D:5)
  A hound (D:5)
  A bullfrog skeleton (D:5)
  Jessica (D:2)
  6 adders
  2 adder zombies (D:5)
  2 dart slugs
  2 orcs (D:4)
  6 ball pythons
  7 bats
  A bat zombie (D:5)
  8 endoplasms
  4 giant cockroaches
  6 goblins
  8 hobgoblins
  4 jackals
  11 kobolds
  5 quokkas
  2 frilled lizards (D:1)
  2 goblin zombies (D:5)
  6 rats
93 creatures vanquished.

Vanquished Creatures (others)
  3 plants (D:3)
3 creatures vanquished.

Grand Total: 96 creatures vanquished

Notes
Turn   | Place    | Note
-------+----------+-------------------------------------------
     0 | D:1      | Pinkishskies the Gargoyle Fighter began the quest for the
                  | Orb.
     0 | D:1      | Reached XP level 1. HP: 14/14 MP: 1/1
   386 | D:1      | Reached XP level 2. HP: 10/19 MP: 2/2
   403 | D:1      | Found a faded altar of an unknown god.
   425 | D:1      | Prayed at the altar of an unknown god.
   425 | D:1      | Became a worshipper of Kikubaaqudgha
   425 | D:1      | Reached * piety under Kikubaaqudgha
   425 | D:1      | Received a gift from Kikubaaqudgha
  1168 | D:1      | Reached XP level 3. HP: 14/23 MP: 3/3
  1524 | D:1      | Reached ** piety under Kikubaaqudgha
  1631 | D:1      | Reached skill level 3 in Maces & Flails
  2179 | D:2      | Found Luosmol's Distillery.
  2480 | D:2      | Reached XP level 4. HP: 23/28 MP: 4/4
  2695 | D:2      | Noticed Jessica
  2700 | D:2      | Killed Jessica
  2800 | D:2      | Reached skill level 4 in Maces & Flails
  3072 | D:2      | Bought a potion of heal wounds for 50 gold pieces
  3112 | D:3      | Reached XP level 5. HP: 33/33 MP: 5/5
  4072 | D:4      | Found a staircase to the Ecumenical Temple.
  4072 | D:4      | Noticed a necrophage
  4088 | D:4      | Killed a necrophage
  4089 | D:4      | Reached XP level 6. HP: 28/38 MP: 6/6
  4361 | D:4      | Found a shimmering blue altar of Sif Muna.
  5351 | Temple   | Entered the Ecumenical Temple
  5463 | Temple   | Fell from the grace of Kikubaaqudgha
  5463 | Temple   | Became a worshipper of the Shining One
  5749 | D:5      | Entered Level 5 of the Dungeon
  5759 | D:5      | Reached skill level 5 in Maces & Flails
  5759 | D:5      | Reached skill level 1 in Dodging
  6017 | D:5      | Found a radiant altar of Vehumet.
  6336 | D:5      | Slain by a troll skeleton

Illustrated notes

Levels and vault maps discovered:
D:1:      dpeg_arrival_lava_temple_mockup, layout_basic,
          shapermc_ecumenical_altar_notcrosses
D:2:      layout_rooms, serial_shops, shop_statue, uniq_jessica
D:3:      layout_basic, grunt_ministairs_8, chequers_serial_rivers_small_b,
          serial_bayou_pond_d, minmay_box_of_dots
D:4:      layout_basic, tgw_sif, minmay_temple_entry_arrows, lemuel_old_faithful
D:5:      layout_basic, kennysheep_mini_moat, fiery_altar_vehumet
Temple:   oiseaux_autumnal_temple

Skill      XL: |  1  2  3  4  5  6 |
---------------+-------------------+-----
Maces & Flails | 3 4 5 |  5.5
Armour         | 4 |  4.5
Dodging        | 1 |  1.1
Fighting       | |  3.9
Stealth        | |  0.3
Shields        | |  3.7

Action                   |  1- 3 |  4- 6 || total
-------------------------+-------+-------++-------
Melee: Flail             |   155 |   261 ||   416
Armor: Scale mail        |    94 |   105 ||   199
       Chain mail        |       |    72 ||    72
Dodge: Dodged            |    92 |   122 ||   214
Block: Buckler           |    37 |    49 ||    86
